 Dungeon Crawl Stone Soup version 0.31-a0-662-g684573625c (webtiles) character file.

Game seed: 7854529519838540390

795 cforsyth the Trooper (level 8, -6/61 HPs)
             Began as a Djinni Cinder Acolyte on Sept 1, 2023.
             Was an Initiate of Ashenzari.
             Mangled by a fire elemental (12 damage)
             ... created by the fiery vengeance of Ignis
             ... on level 3 of the Dungeon.
             The game lasted 00:10:00 (5029 turns).

cforsyth the Trooper (Djinni Cinder Acolyte)        Turns: 5029, Time: 00:10:01

Health: -6/61      AC:  2    Str: 13    XL:     8   Next: 13%
Gold:   96         EV: 11    Int: 17    God:    Ashenzari [......] SH:  0 Dex: 16

rFire   . . .        a - -1 falchion (flame)
rCold   x . .        (no shield)
rNeg    . . .        b - +0 robe
rPois   ∞            (no helmet)
rElec   .            (no cloak)
rCorr   .            (no gloves)
SInv    .            (boots unavailable)
Will    .....        q - amulet of the acrobat
Stlth   +            r - +6 ring of dexterity
HPRegen 0.30/turn    (no ring)
MPRegen 0.00/turn

%: acrobat, infuse magic (-7 HP)
@: flying, fire susceptible
A: sickness immunity, fire resistance 2, cold vulnerability 1, float, innate
caster, HP casting, extra vitality 1
a: Renounce Religion


You were on level 3 of the Dungeon.
You worshipped Ashenzari.
Ashenzari was noncommittal.
You visited 2 branches of the dungeon, and saw 6 of its levels.

You collected 96 gold pieces.

Inventory:

Hand Weapons
 a - a -1 falchion of flaming (weapon)
Armour
 b - a +0 robe (worn)
Jewellery
 q - an amulet of the acrobat (around neck)
 r - a +6 ring of dexterity (left hand)
Wands
 o - a wand of quicksilver (3)
 p - a wand of flame (11)
Scrolls
 c - 2 scrolls of revelation
 g - a scroll of blinking {unknown}
 j - 2 scrolls of fog {unknown}
 k - 3 scrolls of noise {unknown}
 m - 2 scrolls of identify {unknown}
 s - a scroll of enchant weapon {unknown}
 v - a scroll of amnesia {unknown}
Potions
 d - a potion of lignification {unknown}
 e - 2 potions of brilliance {unknown}
 f - a potion of haste {unknown}
 h - 2 potions of enlightenment {unknown}
 i - 4 potions of curing
 l - a potion of attraction {unknown}
 n - 2 potions of cancellation {unknown}
 t - 2 potions of degeneration {unknown}
 u - a potion of heal wounds {unknown}


   Skills:
 + Level 5.9 Fighting
 + Level 5.4 Long Blades
 + Level 4.0 Spellcasting
 + Level 4.0 Conjurations
 + Level 4.0 Hexes
 + Level 4.0 Summonings
 + Level 4.0 Necromancy
 + Level 4.0 Translocations
 + Level 4.0 Transmutations
 + Level 4.0 Fire Magic
 + Level 4.0 Ice Magic
 + Level 4.0 Air Magic
 + Level 4.0 Earth Magic
 + Level 4.0 Poison Magic


You knew the following spells:

 Your Spells              Type           Power      Damage    Failure   Level
a - Scorch                Fire           34%        2d6       4%          2
b - Slow                  Hex            68%        N/A       3%          1
c - Call Imp              Summ           34%        N/A       4%          2
d - Portal Projectile     Hex/Tloc       34%        N/A       9%          3
Your spell library was empty.

Dungeon Overview and Level Annotations

Branches:
Dungeon (5/15)             Temple (1/1) D:4

Altars:
Ashenzari
Cheibriados
Elyvilon
Fedhas
Gozag
Hepliaklqana
Makhleb
Nemelex Xobeh
Okawaru
Qazlal
Ru
Uskayaw
Xom
Yredelemnul
Zin
The Shining One

Shops:
D:2 (?*!?   D:3 *


Innate Abilities, Weirdness & Mutations

You are immune to sickness and miasma.
You are immune to poison.
Your flesh is very heat resistant. (rF++)
You are vulnerable to cold. (rC-)
You float through the air rather than walking.
You learn spells naturally, not from books.
Your magical power is your life essence.
You have superior vitality. (+4 MHP)


Message History

The fire elemental closely misses you. The fire elemental hits you.
The fire elemental burns you!
* * * LOW HITPOINT WARNING * * *
The fire elemental misses you.
The fire elemental completely misses you.
Unknown command.
Aiming: Quicksilver Bolt
Press: ? - help, Shift-Dir - straight line, f - fire elemental
Aim: a fire elemental (durably summoned, 64% to hit)
The bolt of dispelling energy misses the fire elemental. x2
The fire elemental closely misses you. The fire elemental barely misses you.
Aiming: Quicksilver Bolt
Press: ? - help, Shift-Dir - straight line, f/p - fire elemental
Aim: a fire elemental (flame, durably summoned, 64% to hit)
The bolt of dispelling energy hits the fire elemental!
The fire elemental is heavily damaged.
The bolt of dispelling energy misses the fire elemental.
The fire elemental barely misses you.
Aiming: Quicksilver Bolt
Press: ? - help, Shift-Dir - straight line, f - fire elemental
Aim: a fire elemental (heavily damaged, durably summoned, 64% to hit)
The bolt of dispelling energy hits the fire elemental!
The fire elemental is almost destroyed.
The fire elemental barely misses you.
Aiming: Quicksilver Bolt
Press: ? - help, Shift-Dir - straight line, f - fire elemental, p - fire elemental
Aim: a fire elemental (durably summoned, 64% to hit)
The bolt of dispelling energy hits the fire elemental!
You destroy the fire elemental!
That felt strangely unrewarding.
The bolt of dispelling energy misses the fire elemental.
Aiming: Quicksilver Bolt
Press: ? - help, Shift-Dir - straight line, f/p - fire elemental
Aim: a fire elemental (durably summoned, 64% to hit)
The bolt of dispelling energy hits the fire elemental!
The fire elemental is heavily damaged.
The fire elemental hits you.
* * * LOW HITPOINT WARNING * * *
The fire elemental burns you!
You die...

.............................#
..>...............#..........####
#.................##........###..
#.......##...................##..
......(.##.......................
..............##.##..............
.................##..........#...
........#.##...#..∩..........##..
....####.....#..@#.#........###..
..#..##########E##......)..## #..
#..........○...○○..##...#### ###
........................#
.########.......)....###########
................).<............#
###.########....)..)...........#
##..### #.......###.........#
#.....# #.......####........#


You could see a fire elemental.

Vanquished Creatures
  Prince Ribbit (D:5)
  A fire elemental (D:3)
  A necrophage (D:4)
  A scorpion (D:4)
  A wight (D:4)
  A bullfrog zombie (D:4)
  A human zombie (D:4)
  A centaur zombie (D:4)
  An orc wizard (D:4)
  3 scorpion zombies (D:4)
  Ijyb (D:3)
  A hound zombie (D:4)
  A mummy (D:4)
  7 gnolls
  3 adders
  2 adder zombies (D:4)
  A worm (D:2)
  3 dart slugs (D:1)
  4 orcs
  5 bats
  10 endoplasms
  3 giant cockroaches
  7 goblins
  11 hobgoblins
  3 jackals (D:1)
  3 quokkas
  6 ball pythons
  6 frilled lizards
  5 kobolds
  2 rats (D:2)
96 creatures vanquished.

Vanquished Creatures (others)
  A kobold (D:2)
1 creature vanquished.

Grand Total: 97 creatures vanquished

Notes
Turn   | Place    | Note
-------+----------+-------------------------------------------
     0 | D:1      | cforsyth the Djinni Cinder Acolyte began the quest for the
                  | Orb.
     0 | D:1      | cforsyth set off with the following spells memorised:
                  | Scorch.
     0 | D:1      | Reached XP level 1. HP: 20/20 MP: 0/0
    93 | D:1      | Found a faded altar of an unknown god.
    96 | D:1      | Reached XP level 2. HP: 24/25 MP: 0/0
   342 | D:1      | Reached XP level 3. HP: 22/30 MP: 0/0
   342 | D:1      | Learned a level 1 spell: Slow
  1253 | D:2      | Found Mogapes's Distillery.
  1417 | D:2      | Found Oduameif's Antique Weapon Emporium.
  1448 | D:2      | Reached XP level 4. HP: 32/36 MP: 0/0
  1633 | D:2      | Found Ciuhutih's Magic Scroll Boutique.
  1680 | D:2      | Found Yxtapt's Magic Scroll Shoppe.
  1907 | D:2      | Found Sackaim's Assorted Antiques.
  1969 | D:3      | Found Puelarcho's General Store.
  2094 | D:3      | Noticed Ijyb
  2106 | D:3      | Killed Ijyb
  2107 | D:3      | Reached XP level 5. HP: 7/41 MP: 0/0
  2107 | D:3      | Learned a level 2 spell: Call Imp
  3183 | D:4      | Reached XP level 6. HP: 39/48 MP: 0/0
  3489 | D:4      | Reached XP level 7. HP: 49/53 MP: 0/0
  3489 | D:4      | Learned a level 3 spell: Portal Projectile
  3517 | D:4      | Reached skill level 5 in Fighting
  4343 | D:4      | Found a staircase to the Ecumenical Temple.
  4350 | Temple   | Entered the Ecumenical Temple
  4390 | Temple   | Fell from the grace of Ignis
  4390 | Temple   | Became a worshipper of Ashenzari the Shackled
  4582 | D:4      | Found a hide-covered altar of Uskayaw.
  4583 | D:4      | Found a stormy altar of Qazlal.
  4784 | D:4      | Reached skill level 5 in Long Blades
  4910 | D:5      | Entered Level 5 of the Dungeon
  4910 | D:5      | Noticed Prince Ribbit
  4925 | D:5      | Killed Prince Ribbit
  4926 | D:5      | Reached XP level 8. HP: 3/61 MP: 0/0
  5004 | D:5      | Noticed a fire elemental
  5004 | D:5      | Noticed a fire elemental
  5004 | D:5      | Noticed a fire elemental
  5028 | D:3      | Killed a fire elemental
  5029 | D:3      | Mangled by a fire elemental

Illustrated notes

Levels and vault maps discovered:
D:1:      erik_arrival_orb_chamber, layout_basic,
          ebering_ecumenical_altar_petrified
D:2:      minmay_evil_eye, layout_rooms, serial_shops,
          nicolae_shop_real_fake_doors, nicolae_shop_rolled_up, shop_scrolls,
          shop, shop
D:3:      layout_rooms, serial_shops, shop, uniq_ijyb
D:4:      layout_gridville, nicolae_overflow_two_pavilions,
          lemuel_mausoleum_altar_kikubaaqudgha, minmay_temple_entry_sparse_star
D:5:      layout_basic, nzn_overflow_gifts_of_might_and_magic, enter_ossuary_1,
          uniq_prince_ribbit1
Temple:   eino_wide_crystal_templ

Skill      XL: |  1  2  3  4  5  6  7 |
---------------+----------------------+-----
Long Blades    | 3 4 5 |  5.4
Fighting       | 4 5 |  5.9
Spellcasting   | 3 4 |  4.0
Conjurations   | 3 4 |  4.0
Hexes          | 3 4 |  4.0
Summonings     | 3 4 |  4.0
Necromancy     | 3 4 |  4.0
Translocations | 3 4 |  4.0
Transmutations | 3 4 |  4.0
Fire Magic     | 3 4 |  4.0
Ice Magic      | 3 4 |  4.0
Air Magic      | 3 4 |  4.0
Earth Magic    | 3 4 |  4.0
Poison Magic   | 3 4 |  4.0

Action                     |  1- 3 |  4- 6 |  7- 9 || total
---------------------------+-------+-------+-------++-------
  Melee: Falchion          |   135 |    73 |    14 ||   222
         Punch             |       |     1 |       ||     1
   Cast: Scorch            |       |    38 |    56 ||    94
         Portal Projectile |       |       |     1 ||     1
  Evoke: Wand              |       |     1 |     5 ||     6
    Use: Potion            |       |       |     1 ||     1
         Scroll            |       |       |     1 ||     1
   Stab: Sleeping          |     1 |       |       ||     1
 Armour: Robe              |    77 |    65 |    33 ||   175
  Dodge: Dodged            |   106 |    77 |    54 ||   237

Table legend: (Time is in decaauts)
 A = Elapsed time spent in this place.
 B = Non-inter-level travel time spent in this place.
 C = Inter-level travel time spent in this place.
 D = Time resting spent in this place.
 E = Time spent auto-exploring this place.
 F = Levels seen in this place.
 G = Mean time per level.
                   A        B        C        D        E       F      G
               +--------+--------+--------+--------+--------+-----+--------+
         Total |   5076 |   4962 |    114 |   1556 |   2577 |   6 |  846.0 |
       Dungeon |   5029 |   4921 |    108 |   1556 |   2577 |   5 | 1005.8 |
        Temple |     46 |     40 |      6 |      0 |      0 |   1 |   46.0 |
               +--------+--------+--------+--------+--------+-----+--------+

Top non-repeatable levels by time:
     D:4: 1787 daAuts
     D:2: 1363 daAuts
     D:1: 1231 daAuts
     D:3: 552 daAuts
     D:5: 95 daAuts
  Temple: 46 daAuts
